 Dungeon Crawl Stone Soup version 0.21.0-3-g78d12a8 (webtiles) character file.

38 tidbits the Sneak (level 3, 0/18 HPs)
             Began as a Vine Stalker Wizard on Jan 10, 2018.
             Succumbed to an adder's poison
             ... on level 2 of the Dungeon.
             The game lasted 00:05:36 (777 turns).

tidbits the Sneak (Vine Stalker Wizard)              Turns: 777, Time: 00:05:36

Health: 0/18       AC:  2    Str: 15    XL:     3   Next: 43%
Magic:  0/8        EV: 12    Int: 18    God:
Gold:   35         SH:  0    Dex: 12    Spells: 6/8 levels left

rFire    . . .     SeeInvis .   a - +0 dagger
rCold    . . .     Gourm    .   (no shield)
rNeg     + . .     Faith    .   j - +0 robe
rPois    .         Spirit   +   b - +0 hat
rElec    .         Reflect  .   (no cloak)
rCorr    .         Harm     .   (no gloves)
MR       .....                  (no boots)
Stlth    ++........             (no amulet)
HPRegen  0.06/turn              g - ring of positive energy
MPRegen  0.11/turn              (no ring)

@: mighty, lethally poisoned (0 -> -3), flying, very slightly contaminated
A: fangs 2, magic shield, antimagic bite, no potion heal 3, rot immunity
a: no special abilities


You were on level 2 of the Dungeon.
You were not hungry.

You visited 1 branch of the dungeon, and saw 3 of its levels.

You collected 35 gold pieces.

Inventory:

Hand Weapons
 a - a +0 dagger (weapon)
 h - a +0 club
Missiles
 k - 31 stones (quivered)
Armour
 b - a +0 hat (worn)
 j - a +0 robe (worn)
 m - a +0 ring mail
Jewellery
 g - a ring of positive energy (left hand)
   (You found it on level 1 of the Dungeon)
Scrolls
 i - a scroll of amnesia {unknown}
 n - a scroll of fear {unknown}
 o - a scroll of remove curse {unknown}
Books
 c - a book of Minor Magic

   Spells                             Type                      Level
   a - Magic Dart                     Conjuration                  1
   b - Blink                          Translocation                2
   c - Call Imp                       Summoning                    2
   d - Slow                           Hexes                        2
   e - Conjure Flame                  Conjuration/Fire             3
   f - Mephitic Cloud                 Conjuration/Poison/Air       3
 f - a book of Misfortune
   (You found it on level 2 of the Dungeon)

   Spells                             Type                      Level
   a - Confusing Touch                Hexes                        1
   b - Confuse                        Hexes                        3
   c - Gell's Gravitas                Translocation                3
   d - Petrify                        Transmutation/Earth          4
   e - Metabolic Englaciation         Hexes/Ice                    5
   f - Yara's Violent Unravelling     Hexes/Transmutation          5
Comestibles
 d - 5 rations


   Skills:
 + Level 1.7 Fighting
 - Level 1.5 Dodging
 + Level 3.8 Stealth
 - Level 3.2 Spellcasting
 - Level 1.0 Conjurations
   Level 1.0 Summonings
   Level 1.0 Translocations


You had 6 spell levels left.
You knew the following spells:

 Your Spells              Type           Power        Failure   Level  Hunger
a - Magic Dart            Conj           #...         11%         1    None
t - Confusing Touch       Hex            #.....       16%         1    None


Dungeon Overview and Level Annotations

Branches:
Dungeon (3/15)

Altars:

Annotations:
D:2 exclusion: adder


Innate Abilities, Weirdness & Mutations

You have extremely sharp teeth.
When hurt, damage is shared between your health and your magic reserves.
Your bite disrupts and absorbs the magic of your enemies.
Potions cannot restore your health.
You are immune to rotting.


Message History

Your skin glows momentarily.
Casting: Magic Dart
Confirm with . or Enter, or press ? or * to list all spells.
Aiming: Magic Dart
Press: ? - help, Shift-Dir - straight line, f/p - giant cockroach
Aim: a giant cockroach (clinging)
The magic dart hits the giant cockroach.
The giant cockroach is severely wounded.
You hit the giant cockroach.
The giant cockroach is almost dead.
The giant cockroach closely misses you. The giant cockroach bites you.
* * * LOW HITPOINT WARNING * * *
You hit the giant cockroach.
You kill the giant cockroach!
Press: ? - help, . - travel You can't see that place.
Found a stone staircase leading down.
Your magical contamination has completely faded away.
Found a scroll labeled OHYOHO NIONUPH.
An ooze comes into view.
You see here a scroll labeled OHYOHO NIONUPH.
o - a scroll labeled OHYOHO NIONUPH The ooze moves out of view.
A kobold comes into view. It is wielding a short sword.
Casting: Magic Dart
Confirm with . or Enter, or press ? or * to list all spells.
Aiming: Magic Dart
Press: ? - help, Shift-Dir - straight line, f - kobold
Aim: a kobold, wielding a short sword (resting)
The magic dart hits the kobold.
The kobold shouts!
The kobold throws a stone.
The stone hits you but does no damage.
Casting: Magic Dart
Confirm with . or Enter, or press ? or * to list all spells.
Aiming: Magic Dart
Press: ? - help, Shift-Dir - straight line, f/p - kobold
Aim: a kobold, wielding a short sword You miscast Magic Dart.
You are very lightly contaminated with residual magic.
Nothing appears to happen.
Casting: Magic Dart
Confirm with . or Enter, or press ? or * to list all spells.
Aiming: Magic Dart
Press: ? - help, Shift-Dir - straight line, f/p - kobold
Aim: a kobold, wielding a short sword The magic dart hits the kobold.
The kobold throws a stone.
The stone hits you but does no damage.
Casting: Magic Dart
Confirm with . or Enter, or press ? or * to list all spells.
Aiming: Magic Dart
Press: ? - help, Shift-Dir - straight line, f/p - kobold
Aim: a kobold, wielding a short sword The magic dart hits the kobold.
The kobold throws a stone.
The stone closely misses you.
Casting: Magic Dart
Confirm with . or Enter, or press ? or * to list all spells.
Aiming: Magic Dart
Press: ? - help, Shift-Dir - straight line, f/p - kobold
Aim: a kobold, wielding a short sword The magic dart hits the kobold.
The kobold is severely wounded.
An adder comes into view.
Casting: Magic Dart
Confirm with . or Enter, or press ? or * to list all spells.
Aiming: Magic Dart
Press: ? - help, Shift-Dir - straight line, f/p - kobold
Aim: a kobold, wielding a short sword (severely wounded)
The magic dart hits the kobold.
You kill the kobold!
The adder hisses angrily.
It was a potion of might.
You feel very mighty all of a sudden.
A goblin comes into view. It is wielding a dagger.
You see here a stone.
Casting: Magic Dart
Confirm with . or Enter, or press ? or * to list all spells.
Aiming: Magic Dart
Press: ? - help, Shift-Dir - straight line, f - adder
Aim: an adder You miscast Magic Dart.
You feel a strange surge of energy!
You miss the adder. The adder bites you.
* * * LOW HITPOINT WARNING * * *
The adder bites you.
* * * LOW HITPOINT WARNING * * *
You are poisoned.
The adder poisons you!
You completely miss the adder. Your bite misses the adder.
* * * LOW HITPOINT WARNING * * *
You feel sick. The adder bites you but does no damage.
It was a potion of flight.
You feel very buoyant.
You fly up into the air.
The adder bites you.
* * * LOW HITPOINT WARNING * * *
You hit the adder.
The adder is heavily wounded.
The adder completely misses you. The adder bites you but does no damage.
You hit the adder.
The adder is almost dead.
You die...

........### #......)
..........# #.......
..........# #.......
..........# #.......
..).......# #.......
g...S..(.# #.......
..######(# ####.... #S#
#.... .#######@##########
#....
..................###....
.#######.########..##....
..#######.#########.##....
..........................
.########.................
################.###..
#........ #.# #..
##'########## #.# #..


You could see an adder.

Vanquished Creatures
  An ooze (D:2)
  A dart slug (D:2)
  2 ball pythons
  3 bats (D:1)
  A giant cockroach (D:2)
  7 goblins
  5 hobgoblins
  A jackal (D:2)
  4 kobolds
  2 rats (D:1)
27 creatures vanquished.

Notes
Turn   | Place    | Note
-------+----------+-------------------------------------------
     0 | D:1      | tidbits the Vine Stalker Wizard began the quest for the Orb.
     0 | D:1      | Reached XP level 1. HP: 9/9 MP: 5/5
    98 | D:1      | Learned a level 1 spell: Confusing Touch
   159 | D:1      | Reached XP level 2. HP: 10/14 MP: 1/7
   187 | D:1      | Reached skill level 1 in Fighting
   187 | D:1      | Reached skill level 3 in Stealth
   514 | D:1      | Reached XP level 3. HP: 9/18 MP: 2/8
   775 | D:2      | HP: 1/18 [adder (3)]
   777 | D:2      | Succumbed to an adder's poison

Skill      XL: |  1  2 |
---------------+-------+-----
Fighting       | 1 |  1.7
Stealth        | 3 |  3.8
Dodging        | |  1.5
Spellcasting   | |  3.2
Conjurations   | |  1.0
Summonings     | |  1.0
Translocations | |  1.0

Action                   || total
-------------------------++-------
Melee: Unarmed           ||     8
       Bite              ||     5
       Dagger            ||    24
 Cast: Magic Dart        ||    65
  Use: Potion            ||     2
 Stab: Sleeping          ||     2
Armor: Robe              ||     6
Dodge: Dodged            ||    20

Table legend:
 A = Turns spent in this place as a percentage of turns spent in the entire game.
 B = Non-inter-level travel turns spent in this place as a percentage of non-inter-level travel turns spent in the entire game.
 C = Inter-level travel turns spent in this place as a percentage of turns spent in this place.
 D = Turns resting spent in this place as a percentage of non-inter-level travel turns spent in this place.
 E = Turns spent auto-exploring this place as a percentage of non-inter-level travel turns spent in this place.
 F = Non-inter-level travel turns spent in this place divided by the number of levels of this place that you've seen.
                   A       B       C       D       E      F
               +-------+-------+-------+-------+-------+----------------------
         Total | 100.0 | 100.0 |  10.7 |   0.0 |   0.0 | 231.3
       Dungeon | 100.0 | 100.0 |  10.7 |   0.0 |   0.0 | 231.3
               +-------+-------+-------+-------+-------+----------------------

Table legend:
 A = Kills in this place as a percentage of kills in entire the game.
 B = Kills by you in this place as a percentage of kills by you in the entire game.
 C = Kills by friends in this place as a percentage of kills by friends in the entire game.
 D = Other kills in this place as a percentage of other kills in the entire game.
 E = Experience gained in this place as a percentage of experience gained in the entire game.
 F = Experience gained in this place divided by the number of levels of this place that you have seen.
                   A       B       C       D       E      F
               +-------+-------+-------+-------+-------+----------------------
         Total | 100.0 | 100.0 |   N/A |   N/A | 100.0 |  18.3
       Dungeon | 100.0 | 100.0 |   N/A |   N/A | 100.0 |  18.3
               +-------+-------+-------+-------+-------+----------------------

Vault maps used:
D:1:      evilmike_arrival_crescent
D:2:      gammafunk_temple_overflow_wave, minmay_misc_feat_rows,
          uniq_crazy_yiuf_cottage
D:3:      kennysheep_vampire_church, st_stairs_1
